3AAA
AUGUSTA TIMBER HAWKS @ HAMILTON COYOTES
09/01/2034
 
TOP OF THE 1ST
Augusta Timber Hawks batting - Pitching for Hamilton Coyotes : LHP Yusuke Chikafuji
Pitching: LHP Yusuke Chikafuji
Batting: RHB Dave Yates 0-0: Called Strike
0-1: Ball
1-1: Fly out, F3 (Popup, 3SF)
Batting: RHB Krystof Melichar 0-0: Ball
1-0: Swinging Strike
1-1: Swinging Strike
1-2: Strikes out looking
Batting: RHB Norm Chodorow 0-0: Fly out, F6 (Line Drive, 56)
Top of the 1st over - 0 runs, 0 hits, 0 errors, 0 left on base; Augusta 0 - Hamilton 0
BOTTOM OF THE 1ST
Hamilton Coyotes batting - Pitching for Augusta Timber Hawks : LHP José Flores
Pitching: LHP José Flores
Batting: LHB Tommy Sullivan 0-0: Ball
1-0: Called Strike
1-1: Foul Ball, location: 2F
1-2: Strikes out looking
Batting: RHB Warren Martin 0-0: Ball
1-0: SINGLE (Groundball, 6MD)
Batting: LHB José Gómez 0-0: SINGLE (Groundball, 3D)
Warren Martin to second
Runner from 2nd tries for 3rd, OUT!
José Gómez to second
Batting: RHB Scott Robertson 0-0: Called Strike
0-1: Foul Ball, location: 2F
0-2: Ball
1-2: Foul Ball, location: 2F
1-2: Ground out 5-3 (Groundball, 56S)
Bottom of the 1st over - 0 runs, 2 hits, 0 errors, 1 left on base; Augusta 0 - Hamilton 0
TOP OF THE 2ND
Augusta Timber Hawks batting - Pitching for Hamilton Coyotes : LHP Yusuke Chikafuji
Batting: RHB Jesús Recesvinto 0-0: Ball
1-0: Called Strike
1-1: Foul Ball, location: 2F
1-2: Ball
2-2: Foul Ball, location: 2F
2-2: Ball
3-2: Foul Ball, location: 2F
3-2: Base on Balls
Batting: RHB Uchino Akahito 0-0: Ball
1-0: Ball
2-0: Called Strike
2-1: Ball
3-1: Foul Ball, location: 2F
3-2: Grounds into double play, 5-4-3 (Groundball, 5)
Batting: LHB Fa-tang Wang 0-0: Called Strike
0-1: Foul Ball, location: 2F
0-2: Strikes out swinging
Top of the 2nd over - 0 runs, 0 hits, 0 errors, 0 left on base; Augusta 0 - Hamilton 0
BOTTOM OF THE 2ND
Hamilton Coyotes batting - Pitching for Augusta Timber Hawks : LHP José Flores
Batting: LHB Scot Willis 0-0: Ball
1-0: Called Strike
1-1: Ground out 3-1 (Groundball, 34)
Batting: RHB Duane Wills 0-0: Ball
1-0: Ball
2-0: Called Strike
2-1: Ball
3-1: Base on Balls
Batting: SHB Martín Marrero 0-0: Called Strike
0-1: Ball
1-1: Foul Ball, location: 2F
1-2: Ball
2-2: Foul Ball, location: 2F
2-2: Ball
3-2: Foul Ball, location: 2F
3-2: Ground out 6-3 (Groundball, 56)
Duane Wills to second
Batting: RHB Vincente Fuentes 0-0: Called Strike
0-1: Ball
1-1: Swinging Strike
1-2: Ball
2-2: Strikes out swinging
Bottom of the 2nd over - 0 runs, 0 hits, 0 errors, 1 left on base; Augusta 0 - Hamilton 0
TOP OF THE 3RD
Augusta Timber Hawks batting - Pitching for Hamilton Coyotes : LHP Yusuke Chikafuji
Batting: LHB Randy Sallah 0-0: Foul Ball, location: 2F
0-1: Ball
1-1: Called Strike
1-2: Ground out 6-3 (Groundball, 6)
Batting: LHB Damian Delaney 0-0: Swinging Strike
0-1: Ball
1-1: Ball
2-1: Foul Ball, location: 2F
2-2: SINGLE (Groundball, 34D)
Batting: LHB José Pérez 0-0: Swinging Strike
0-1: DOUBLE (Line Drive, 7LM)
Damian Delaney to third
Runner from 3rd tries for Home, SAFE, no throw
Batting: RHB Dave Yates 0-0: Ball
1-0: Ball
2-0: Called Strike
2-1: Called Strike
2-2: Ball
3-2: SINGLE (Flyball, 8LM)
José Pérez to third
Runner from 3rd tries for Home, SAFE, no throw
Pitching: RHP Ray Goolsby
Batting: RHB Krystof Melichar 0-0: Ball
Dave Yates steals 2nd base
1-0: Swinging Strike
1-1: Ball
2-1: Ground out 4-3 (Groundball, 4)
Dave Yates to third
Batting: RHB Norm Chodorow 0-0: Ground out 3-1 (Groundball, 34)
Top of the 3rd over - 2 runs, 3 hits, 0 errors, 1 left on base; Augusta 2 - Hamilton 0
BOTTOM OF THE 3RD
Hamilton Coyotes batting - Pitching for Augusta Timber Hawks : LHP José Flores
Batting: RHB Tomás Bermúdez 0-0: Ball
1-0: Ball
2-0: Ball
3-0: Called Strike
3-1: Base on Balls
Batting: LHB Tommy Sullivan 0-0: Fly out, F8 (Line Drive, 8LM)
Batting: RHB Warren Martin 0-0: Ball
1-0: Ball
2-0: Called Strike
2-1: Fielders Choice at 2nd, 2-6 (Groundball, 2R)
Batting: LHB José Gómez 0-0: Ball
1-0: Ball
2-0: Ball
3-0: Base on Balls
Warren Martin to second
Batting: RHB Scott Robertson 0-0: Ball
1-0: Called Strike
1-1: Swinging Strike
1-2: Ball
2-2: Ball
3-2: Base on Balls
Warren Martin to third
José Gómez to second
Batting: LHB Scot Willis 0-0: Ball
1-0: Called Strike
1-1: Called Strike
1-2: Ball
2-2: Foul Ball, location: 2F
2-2: Ball
3-2: Ground out 6-3 (Groundball, 56)
Bottom of the 3rd over - 0 runs, 0 hits, 0 errors, 3 left on base; Augusta 2 - Hamilton 0
TOP OF THE 4TH
Augusta Timber Hawks batting - Pitching for Hamilton Coyotes : RHP Ray Goolsby
Batting: RHB Jesús Recesvinto 0-0: Foul Ball, location: 2F
0-1: Ball
1-1: Ball
2-1: Foul Ball, location: 2F
2-2: Strikes out swinging
Batting: RHB Uchino Akahito 0-0: Called Strike
0-1: Called Strike
0-2: Strikes out swinging
Batting: LHB Fa-tang Wang 0-0: Fly out, F5 (Popup, 5SF)
Top of the 4th over - 0 runs, 0 hits, 0 errors, 0 left on base; Augusta 2 - Hamilton 0
BOTTOM OF THE 4TH
Hamilton Coyotes batting - Pitching for Augusta Timber Hawks : LHP José Flores
Batting: RHB Duane Wills 0-0: Foul Ball, location: 2F
0-1: Ball
1-1: Ground out 6-3 (Groundball, 6S)
Batting: SHB Martín Marrero 0-0: Foul Ball, location: 2F
0-1: Swinging Strike
0-2: Strikes out looking
Batting: RHB Vincente Fuentes 0-0: Swinging Strike
0-1: Ball
1-1: SINGLE (Line Drive, 8RS)
Batting: RHB Tomás Bermúdez 0-0: Foul Ball, location: 2F
0-1: Ball
1-1: SINGLE (Flyball, 89S)
Vincente Fuentes to second
Runner from 2nd tries for 3rd, SAFE, no throw
Batting: LHB Tommy Sullivan 0-0: Ball
1-0: Ball
2-0: Ball
3-0: Base on Balls
Tomás Bermúdez to second
Batting: RHB Warren Martin 0-0: Ball
1-0: Ball
2-0: Called Strike
2-1: Foul Ball, location: 2F
2-2: Ball
3-2: Ground out 4-3 (Groundball, 4S)
Bottom of the 4th over - 0 runs, 2 hits, 0 errors, 3 left on base; Augusta 2 - Hamilton 0
TOP OF THE 5TH
Augusta Timber Hawks batting - Pitching for Hamilton Coyotes : RHP Ray Goolsby
Batting: LHB Randy Sallah 0-0: Called Strike
0-1: Foul Ball, location: 2F
0-2: Strikes out swinging
Batting: LHB Damian Delaney 0-0: Foul Ball, location: 2F
0-1: Called Strike
0-2: Strikes out swinging
Batting: LHB José Pérez 0-0: Called Strike
0-1: Foul Ball, location: 2F
0-2: Foul Ball, location: 2F
0-2: SINGLE (Flyball, 8LS)
Batting: RHB Dave Yates 0-0: Called Strike
0-1: Ball
1-1: Ball
2-1: Foul Ball, location: 2F
2-2: Ground out U3 (Groundball, 3)
Top of the 5th over - 0 runs, 1 hit, 0 errors, 1 left on base; Augusta 2 - Hamilton 0
BOTTOM OF THE 5TH
Hamilton Coyotes batting - Pitching for Augusta Timber Hawks : LHP José Flores
Batting: LHB José Gómez 0-0: Ball
1-0: Ground out 1-3 (Groundball, 13S)
Batting: RHB Scott Robertson 0-0: Called Strike
0-1: Ball
1-1: Fly out, F7 (Line Drive, 78D)
Batting: LHB Scot Willis 0-0: Foul Ball, location: 2F
0-1: Fly out, F3 (Popup, 3S)
Bottom of the 5th over - 0 runs, 0 hits, 0 errors, 0 left on base; Augusta 2 - Hamilton 0
TOP OF THE 6TH
Augusta Timber Hawks batting - Pitching for Hamilton Coyotes : RHP Ray Goolsby
Batting: RHB Krystof Melichar 0-0: Fly out, F8 (Flyball, 8RD)
Batting: RHB Norm Chodorow 0-0: Ball
1-0: SINGLE (Line Drive, 4M)
Batting: RHB Jesús Recesvinto 0-0: Ball
1-0: Ball
2-0: Ball
3-0: Called Strike
3-1: Swinging Strike
3-2: Base on Balls
Norm Chodorow to second
Batting: RHB Uchino Akahito 0-0: Called Strike
0-1: Ball
1-1: Swinging Strike
1-2: Foul Ball, location: 2F
1-2: Foul Ball, location: 2F
1-2: Ball
2-2: Strikes out looking
Batting: LHB Fa-tang Wang 0-0: Ball
1-0: Called Strike
1-1: Ball
2-1: Ball
3-1: Foul Ball, location: 2F
3-2: Fly out, F7 (Flyball, 7)
Top of the 6th over - 0 runs, 1 hit, 0 errors, 2 left on base; Augusta 2 - Hamilton 0
BOTTOM OF THE 6TH
Hamilton Coyotes batting - Pitching for Augusta Timber Hawks : LHP José Flores
Batting: RHB Duane Wills 0-0: DOUBLE (Line Drive, 7LD)
Pitching: RHP Georg von Trapp
Batting: SHB Martín Marrero 0-0: Foul Ball, location: 2F
0-1: Foul Ball, location: 2F
0-2: Foul Ball, location: 2F
0-2: Foul Ball, location: 2F
0-2: Ball
1-2: SINGLE (Flyball, 89S)
Duane Wills to third
Batting: RHB Vincente Fuentes 0-0: Called Strike
0-1: Ball
1-1: Ground out 4-3 (Groundball, 4)
Martín Marrero to second
Batting: RHB Tomás Bermúdez 0-0: Ball
1-0: Ball
2-0: SINGLE (Groundball, 6D)
Duane Wills scores
Martín Marrero to third
Batting: LHB Tommy Sullivan 0-0: Foul Ball, location: 2F
0-1: Squeeze Bunt - play home, runner OUT, batter safe! 1-2
Tomás Bermúdez to second
Batting: RHB Warren Martin 0-0: Foul Ball, location: 2F
0-1: SINGLE (Flyball, 9S)
Tomás Bermúdez to third
Tommy Sullivan to second
Runner from 3rd tries for Home, SAFE, no throw
Batting: LHB José Gómez 0-0: Fielders Choice at 2nd, U6 (Groundball, 6M)
Bottom of the 6th over - 2 runs, 4 hits, 0 errors, 2 left on base; Augusta 2 - Hamilton 2
TOP OF THE 7TH
Augusta Timber Hawks batting - Pitching for Hamilton Coyotes : RHP Ray Goolsby
Batting: LHB Randy Sallah 0-0: Ball
1-0: Fly out, F2 (Popup, 2RF)
Batting: LHB Damian Delaney 0-0: Ball
1-0: SINGLE (Line Drive, 56D)
Pitching: RHP Nick Balleza
Batting: LHB José Pérez 0-0: Ball
1-0: Foul Ball, location: 2F
1-1: Called Strike
1-2: Strikes out swinging
Batting: RHB Dave Yates 0-0: Called Strike
0-1: Fly out, F8 (Flyball, 8RM)
Top of the 7th over - 0 runs, 1 hit, 0 errors, 1 left on base; Augusta 2 - Hamilton 2
BOTTOM OF THE 7TH
Hamilton Coyotes batting - Pitching for Augusta Timber Hawks : RHP Georg von Trapp
Batting: RHB Scott Robertson 0-0: Called Strike
0-1: DOUBLE (Line Drive, 7D)
Batting: LHB Scot Willis 0-0: Intentional Walk
Batting: RHB Duane Wills 0-0: Ball
1-0: Bunt missed!
1-1: Sac Bunt - play at first, batter OUT! 1-4
Scott Robertson to third
Scot Willis to second
Batting: SHB Martín Marrero 0-0: Intentional Walk
Batting: RHB Vincente Fuentes 0-0: Ball
1-0: Called Strike
1-1: Swinging Strike
1-2: Strikes out swinging
Batting: RHB Tomás Bermúdez 0-0: Called Strike
0-1: Ball
1-1: Ground out 4-3 (Groundball, 4)
Bottom of the 7th over - 0 runs, 1 hit, 0 errors, 3 left on base; Augusta 2 - Hamilton 2
TOP OF THE 8TH
Augusta Timber Hawks batting - Pitching for Hamilton Coyotes : RHP Nick Balleza
Pinch Hitting: SHB Galtero Suárez 0-0: Called Strike
0-1: Fly out, F7 (Flyball, 78D)
Batting: RHB Norm Chodorow 0-0: Ball
1-0: Ball
2-0: Ball
3-0: Base on Balls
Batting: RHB Jesús Recesvinto 0-0: Called Strike
0-1: Ball
1-1: Foul Ball, location: 2F
1-2: SINGLE (Line Drive, 56)
Norm Chodorow to second
Batting: RHB Uchino Akahito 0-0: Swinging Strike
0-1: Ball
1-1: Ball
2-1: Ball
3-1: Called Strike
3-2: Foul Ball, location: 2F
3-2: SINGLE (Groundball, 56D)
Norm Chodorow to third
Jesús Recesvinto to second
Runner from 3rd tries for Home, SAFE, no throw
Batting: LHB Fa-tang Wang 0-0: Ball
1-0: Ball
2-0: Called Strike
2-1: Swinging Strike
2-2: Strikes out swinging
Batting: LHB Randy Sallah 0-0: Ground out U3 (Groundball, 3S)
Top of the 8th over - 1 run, 2 hits, 0 errors, 2 left on base; Augusta 3 - Hamilton 2
BOTTOM OF THE 8TH
Hamilton Coyotes batting - Pitching for Augusta Timber Hawks : RHP Georg von Trapp
Now at SS: Jaime Cruz
Batting: LHB Tommy Sullivan 0-0: Called Strike
0-1: SINGLE (Groundball, 15) (infield hit)
Batting: RHB Warren Martin 0-0: Bunted foul
0-1: Bunted foul
0-2: Ball
1-2: Ball
2-2: Grounds into double play, 4-6-3 (Groundball, 4)
Batting: LHB José Gómez 0-0: Ball
1-0: Foul Ball, location: 2F
1-1: Ball
2-1: Fly out, F7 (Flyball, 78M)
Bottom of the 8th over - 0 runs, 1 hit, 0 errors, 0 left on base; Augusta 3 - Hamilton 2
TOP OF THE 9TH
Augusta Timber Hawks batting - Pitching for Hamilton Coyotes : RHP Nick Balleza
Pitching: RHP Hansky Paillant
Batting: LHB Damian Delaney 0-0: Ball
1-0: Foul Ball, location: 2F
1-1: Ball
2-1: Fly out, F9 (Flyball, 89M)
Batting: LHB José Pérez 0-0: Ball
1-0: Fly out, F8 (Flyball, 8LS)
Batting: RHB Dave Yates 0-0: SINGLE (Groundball, 25) (infield hit)
Pinch Hitting: SHB Yun-qi Chien 0-0: Called Strike
0-1: Ball
1-1: Fly out, F7 (Flyball, 7LMF)
Top of the 9th over - 0 runs, 1 hit, 0 errors, 1 left on base; Augusta 3 - Hamilton 2
BOTTOM OF THE 9TH
Hamilton Coyotes batting - Pitching for Augusta Timber Hawks : RHP Georg von Trapp
Pitching: RHP Gus Osborne
Now at 2B: Yun-qi Chien
Batting: RHB Scott Robertson 0-0: Ball
1-0: Called Strike
1-1: Ball
2-1: Ground out 6-3 (Groundball, 6)
Batting: LHB Scot Willis 0-0: Foul Ball, location: 2F
0-1: Fly out, F2 (Popup, 2LF)
Pinch Hitting: RHB Dani Trejo 0-0: Foul Ball, location: 2F
0-1: Swinging Strike
0-2: Foul Ball, location: 2F
0-2: Ball
1-2: Strikes out swinging
Bottom of the 9th over - 0 runs, 0 hits, 0 errors, 0 left on base; Augusta 3 - Hamilton 2
Friday, March 29th, 2019 - OOTP Baseball 18.8 Build 76